 Dungeon Crawl Stone Soup version 0.31-a0-1469-gd420192249 (webtiles) character file.

Game seed: 1263041148376910767

23 IdlyInterested the Trooper (level 2, 0/24 HPs)
             Began as a Demonspawn Fighter on Dec 28, 2023.
             Slain by a hobgoblin (1 damage)
             ... on level 1 of the Dungeon.
             The game lasted 00:02:58 (503 turns).

IdlyInterested the Trooper (Demonspawn Fighter)      Turns: 503, Time: 00:02:59

Health: 0/24       AC:  8    Str: 16    XL:     2   Next: 72%
Magic:  2/2        EV:  8    Int:  8    God:
Gold:   70         SH:  4    Dex: 12    Spells: 1/1 levels left

rFire   . .          .
                       - Unarmed
rCold   . . .        b - +0 buckler
rNeg    . . .        a - +0 scale mail
rPois   .            (no helmet)
rElec   .            (no cloak)
rCorr   .            (no gloves)
SInv    .            (no boots)
Will    .....        (no amulet) Stlth
                     (no ring)
HPRegen 0.24/turn    (no ring)
MPRegen 0.08/turn

%: no passive effects
@: mighty
A: slimy green scales 1
a: no special abilities


You were on level 1 of the Dungeon.
You visited 1 branch of the dungeon, and saw 1 of its levels.

You collected 70 gold pieces.

Inventory:

Hand Weapons
 d - a +0 spear
 h - a +0 dagger
 l - a +0 short sword
Missiles
 g - 11 stones (quivered)
Armour
 a - a +0 scale mail (worn)
 b - a +0 buckler (worn)
Scrolls
 e - a scroll of fear {unknown}
 i - a scroll of fog {unknown}
 k - a scroll of poison {unknown}
Potions
 f - a potion of lignification {unknown}
 j - a potion of attraction {unknown}
 m - a potion of heal wounds {unknown}
 n - a potion of haste {unknown}


   Skills:
 + Level 3.3 Fighting
 * Level 0.1 Throwing
 - Level 3.0 Armour
 - Level 3.0 Shields
 - Level 2.0 Unarmed Combat


You had one spell level left.
You didn't know any spells.
Your spell library was empty.

Dungeon Overview and Level Annotations

Branches:
Dungeon (1/15)

Altars:

Shops:
D:1 *[(*


Innate Abilities, Weirdness & Mutations

You are partially covered in slimy green scales. (AC +2)


Message History

Found Moekial's General Store.
The gnoll hits you with a +0 spear!
You hit the gnoll.
The gnoll is lightly wounded.
The gnoll hits you with a +0 spear.
You hit the gnoll but do no damage.
The gnoll is lightly wounded.
The gnoll barely misses you.
You hit the gnoll.
The gnoll is moderately wounded.
You block the rat's attack. The gnoll hits you with a +0 spear.
* * * LOW HITPOINT WARNING * * *
You hit the gnoll.
The gnoll is heavily wounded.
The quokka twitches its whiskers.
The gnoll hits you with a +0 spear.
* * * LOW HITPOINT WARNING * * *
You block the rat's attack.
The hobgoblin hits you but does no damage.
You feel very mighty all of a sudden. The gnoll hits you with a +0 spear.
* * * LOW HITPOINT WARNING * * *
You block the rat's attack.
The hobgoblin hits you but does no damage.
You barely miss the gnoll.
The gnoll is heavily wounded.
The quokka barely misses you. The gnoll hits you with a +0 spear.
* * * LOW HITPOINT WARNING * * *
The rat bites you but does no damage.
The hobgoblin hits you but does no damage.
You closely miss the gnoll.
The gnoll is heavily wounded.
You block the quokka's attack. The gnoll completely misses you.
The rat bites you but does no damage. The hobgoblin hits you.
* * * LOW HITPOINT WARNING * * *
You completely miss the gnoll.
The gnoll is heavily wounded.
The quokka bites you.
* * * LOW HITPOINT WARNING * * *
The rat barely misses you. The hobgoblin hits you.
You die...

# #.........# #..
#.........# #..
####.........#
###...#####.)....>.....#
.......................#
......##................
.......#..####..##......
......r#.#####...†.#####
......g@................
......rg#######.########
.......## #.....####
......# #####....#
...... #....# ......
#....# ∩.... ######
.....


You could see a gnoll, a quokka, a hobgoblin and a rat.

Vanquished Creatures
  A ball python (D:1)
  An endoplasm (D:1)
  A giant cockroach (D:1)
  A goblin (D:1)
  3 hobgoblins (D:1)
  2 kobolds (D:1)
  3 quokkas (D:1)
  5 bats (D:1)
  3 rats (D:1)
20 creatures vanquished.

Notes
Turn   | Place    | Note
-------+----------+-------------------------------------------
     0 | D:1      | IdlyInterested the Demonspawn Fighter began the quest for
                  | the Orb.
     0 | D:1      | Reached XP level 1. HP: 18/18 MP: 1/1
   118 | D:1      | Found Huaseetaho's Antique Armour Shoppe.
   234 | D:1      | Gained mutation: You are partially covered in slimy green
                  | scales. (AC +2) [demonic ancestry]
   234 | D:1      | Reached XP level 2. HP: 24/24 MP: 2/2
   255 | D:1      | Found Mungutar's Weapon Emporium.
   365 | D:1      | Found Ymanoll's Assorted Antiques.
   495 | D:1      | Found Moekial's General Store.
   502 | D:1      | HP: 1/24 [hobgoblin (1)]
   503 | D:1      | Slain by a hobgoblin

Illustrated notes

Levels and vault maps discovered:
D:1:      ncdulo_lavacross, layout_rooms, serial_shops, shop, shop, shop, shop

Skill      XL: |  1  2 |
---------------+-------+-----
Unarmed Combat | 2 |  2.0
Shields        | 3 |  3.0
Armour         | 3 |  3.0
Fighting       | |  3.3
Throwing       | |  0.1

Action                     || total
---------------------------++-------
  Melee: Unarmed           ||    91
    Use: Potion            ||     1
 Armour: Scale mail        ||    78
  Dodge: Dodged            ||    49
  Block: Buckler           ||    27

Table legend: (Time is in decaauts)
 A = Elapsed time spent in this place.
 B = Non-inter-level travel time spent in this place.
 C = Inter-level travel time spent in this place.
 D = Time resting spent in this place.
 E = Time spent auto-exploring this place.
 F = Levels seen in this place.
 G = Mean time per level.
                   A        B        C        D        E       F      G
               +--------+--------+--------+--------+--------+-----+--------+
         Total |    504 |    504 |      0 |    100 |    134 |   1 |  504.0 |
       Dungeon |    504 |    504 |      0 |    100 |    134 |   1 |  504.0 |
               +--------+--------+--------+--------+--------+-----+--------+

Top non-repeatable levels by time:
     D:1: 504 daAuts
